 Dungeon Crawl Stone Soup version 0.31-a0-1352-gc98d92d (webtiles) character file.

Game seed: 5415738526803894855

1284 sdynet the Fighter (level 8, 0/69 (71) HPs)
             Began as a Formicid Hexslinger on Dec 22, 2023.
             Was an Initiate of Hepliaklqana.
             Slain by Edmund
             ... wielding a +2 dire flail of protection
              (10 damage)
             ... on level 5 of the Dungeon.
             The game lasted 00:23:25 (5336 turns).

sdynet the Fighter (Formicid Hexslinger)            Turns: 5336, Time: 00:23:25

HP:   0/69 (71)     AC:  3    Str: 13 (14) XL:     8   Next: 85%
MP:   6/10          EV: 12    Int: 12 (14) God:    Hepliaklqana [......]
Gold: 279           SH:  0    Dex: 14 (16) Spells: 2/10 levels left

rFire   + . .        a - +2 sling
rCold   . . .        (no shield)
rNeg    . . .        c - +1 robe
rPois   .            (helmet unavailable)
rElec   .            (no cloak)
rCorr   .            (no gloves)
SInv    +            (no boots)
Will    .....        m - amulet of magic regeneration
Stlth   +++          f - ring of protection from fire
HPRegen 0.31/turn    (no ring)
MPRegen 0.52/turn

%: no passive effects
@: weak-willed, lightly drained
A: permanent stasis, dig shafts and tunnels, antennae 3, four strong arms
a: Dig, Shaft Self, Renounce Religion


You were on level 5 of the Dungeon.
You worshipped Hepliaklqana.
Hepliaklqana was noncommittal.
You visited 2 branches of the dungeon, and saw 6 of its levels.
You also visited: Ossuary.

You collected 279 gold pieces.

Inventory:

Hand Weapons
 a - a +2 sling (weapon)
 b - a +4 club
Missiles
 i - 5 javelins
 Z - 3 poisoned darts
Armour
 c - a +1 robe (worn)
Jewellery
 f - a ring of protection from fire (left hand)
 m - an amulet of magic regeneration (around neck)
Scrolls
 d - 3 scrolls of revelation {!r}
 e - a scroll of enchant armour
 p - a scroll of blinking {unknown}
 t - a scroll of fog {unknown}
 x - a scroll of noise
Potions
 g - 3 potions of ambrosia {!q}
 h - a potion of enlightenment {!q!q}
 n - a potion of mutation
 o - a potion of brilliance {unknown}
 q - 3 potions of curing {!q}
 r - a potion of berserk rage {unknown}
 s - a potion of haste {unknown}
 u - a potion of invisibility {unknown}
 v - a potion of attraction {unknown}
 w - a potion of heal wounds {unknown}


   Skills:
 - Level 9.0 Fighting
 + Level 4.3 Ranged Weapons
 - Level 1.7 Dodging
 - Level 4.0 Stealth
 + Level 1.9 Spellcasting
 + Level 4.5 Hexes
 + Level 1.2 Fire Magic


You had 2 spell levels left.
You knew the following spells:

 Your Spells              Type           Power      Damage    Failure   Level
a - Jinxbite              Hex            22%        N/A       7%          2
b - Sigil of Binding      Hex            11%        N/A       13%         3
c - Inner Flame           Hex/Fire       8%         N/A       26%         3

Your spell library contained the following spells:

 Spells                   Type           Power      Damage    Failure   Level
 Tukima's Dance           Hex            11%        N/A       13%         3
 Cause Fear               Hex            5%         N/A       41%         4
 Gell's Gravitas          Tloc           1%         N/A       63%         3
 Teleport Other           Tloc           1%         N/A       63%         3
 Dimensional Bullseye     Hex/Tloc       3%         N/A       73%         4
 Iskenderun's Mystic Bla  Conj/Tloc      1%         2d3       95%         4
 Dispersal                Tloc           0%         N/A       100%        6


Dungeon Overview and Level Annotations

Branches:
Dungeon (5/15)             Temple (1/1) D:5         Ossuary (visited)

Altars:
Ashenzari
Cheibriados
Dithmenos
Elyvilon
Fedhas
Hepliaklqana
Kikubaaqudgha
Makhleb
Nemelex Xobeh
Okawaru
Qazlal
Ru
Sif Muna
Trog
Uskayaw
Vehumet
Wu Jian
Xom
Yredelemnul
Zin
The Shining One

Shops:
D:4 [

Annotations:
D:3 1 runed translucent door, Crazy Yiuf, Sigmund
D:4 exclusions: door, 4 gnolls, gnoll bouda, 3 sensed monsters (detected) and 3 more exclusions
D:5 Edmund


Innate Abilities, Weirdness & Mutations

You cannot be hasted, slowed, berserked, paralysed or teleported.
You can dig through walls and to a lower floor.
You have a pair of large antennae on your head. (SInv)
Your four strong arms can wield two-handed weapons with a shield.


Message History

Edmund hits you with a +2 dire flail of protection.
Fire: a) +2 sling
Press: ? - help, Shift-Dir - straight line, f/p - Edmund
Aim: Edmund, wielding a +2 dire flail of protection and wearing a +4 scale mail of poison resistance (heavily wounded, inner flame, bound in place, chance to call a sprite on attack: 45%, 69% to hit)
You shoot a sling bullet. The sling bullet barely misses Edmund.
Fire: a) +2 sling
Press: ? - help, Shift-Dir - straight line, f/p - Edmund
Aim: Edmund, wielding a +2 dire flail of protection and wearing a +4 scale mail of poison resistance (heavily wounded, inner flame, bound in place, chance to call a sprite on attack: 45%, 69% to hit)
You shoot a sling bullet.
The sling bullet hits Edmund but does no damage.
Edmund is heavily wounded.
Fire: a) +2 sling
Press: ? - help, Shift-Dir - straight line, f/p - Edmund
Aim: Edmund, wielding a +2 dire flail of protection and wearing a +4 scale mail of poison resistance (heavily wounded, inner flame, bound in place, chance to call a sprite on attack: 45%, 69% to hit)
You shoot a sling bullet. The sling bullet hits Edmund.
Flame seeps out of Edmund.
Edmund is heavily wounded.
Edmund's lost momentum returns!
Edmund is engulfed in blazing flames.
Flame seeps out of Edmund.
Edmund hits you with a +2 dire flail of protection!
Casting: Sigil of Binding (dangerous; 13% risk of failure)
Confirm with . or Enter, or press ? or * to list all spells.
You inscribe a pair of binding sigils.
Edmund closely misses you.
The jinxing sprites lose interest in you.
Edmund says, "A flail is better than a scythe, any day of the week!"
Edmund has too much momentum for your sigil to bind in place!
Edmund misses you. Edmund attacks as he pursues you! Edmund barely misses you.
Casting: Sigil of Binding (dangerous; 13% risk of failure)
Confirm with . or Enter, or press ? or * to list all spells.
Your binding sigil disappears.
You inscribe a pair of binding sigils.
Edmund hits you with a +2 dire flail of protection!
* * * LOW HITPOINT WARNING * * *
Edmund has too much momentum for your sigil to bind in place!
Edmund closely misses you. Edmund attacks as he pursues you!
Edmund hits you with a +2 dire flail of protection!
You die...
Edmund whines, "They better pay attention to me now!"

#.# #.. #.# #
###.# #., ...#
#.###..#
####.#.#..#
...†....@########
##...#.@..^.....
####.#..........
#......^........
#.##.#..########
# #..#.........
#............
#####.#######
#.#####.#######


You could see Edmund (inner flame, swift).

Vanquished Creatures
  2 phantoms (D:4)
  10 scorpions (Ossuary)
  A centaur zombie (Ossuary)
  4 human zombies (Ossuary)
  A hound (D:5)
  Jessica (D:2)
  An iguana (D:4)
  5 scorpion zombies (Ossuary)
  3 mummies (Ossuary)
  4 adders
  3 bombardier beetles (D:4)
  5 dart slugs
  8 orcs
  4 ball pythons
  5 endoplasms
  3 giant cockroaches
  10 goblins
  8 hobgoblins
  5 jackals (D:2)
  4 quokkas
  3 bats
  A frilled lizard (D:2)
  4 gnoll zombies (Ossuary)
  3 kobolds
  A kobold zombie (Ossuary)
  2 orc zombies (Ossuary)
  8 rats
109 creatures vanquished.

Notes
Turn   | Place    | Note
-------+----------+-------------------------------------------
     0 | D:1      | sdynet the Formicid Hexslinger began the quest for the Orb.
     0 | D:1      | Reached XP level 1. HP: 15/15 MP: 2/2
    55 | D:1      | Reached skill level 1 in Stealth
    60 | D:1      | Reached XP level 2. HP: 22/22 MP: 3/3
    89 | D:1      | Reached skill level 2 in Fighting
   100 | D:1      | Learned a level 2 spell: Jinxbite
   333 | D:1      | Reached XP level 3. HP: 27/27 MP: 4/4
   998 | D:2      | Noticed Jessica
  1022 | D:2      | Killed Jessica
  1023 | D:2      | Reached skill level 3 in Fighting
  1023 | D:2      | Reached XP level 4. HP: 30/35 MP: 2/5
  1523 | D:2      | Learned a level 3 spell: Sigil of Binding
  2275 | D:3      | Reached XP level 5. HP: 21/41 MP: 4/6
  2455 | D:3      | Noticed Sigmund
  2710 | D:3      | Found a runed translucent door.
  2711 | D:3      | Noticed Crazy Yiuf
  3126 | D:4      | Found a sand-covered staircase.
  3134 | D:4      | Reached skill level 4 in Fighting
  3188 | D:4      | Noticed a phantom
  3221 | Ossuary  | Entered an ossuary
  3250 | Ossuary  | Reached XP level 6. HP: 50/50 MP: 5/7
  3267 | Ossuary  | Reached skill level 5 in Fighting
  3287 | Ossuary  | Reached skill level 6 in Fighting
  3394 | Ossuary  | Reached XP level 7. HP: 49/58 MP: 8/8
  3724 | Ossuary  | Reached skill level 7 in Fighting
  3774 | Ossuary  | Reached XP level 8. HP: 44/67 MP: 9/9
  4005 | Ossuary  | Reached skill level 8 in Fighting
  4291 | D:4      | Learned a level 3 spell: Inner Flame
  4619 | D:4      | Reached skill level 9 in Fighting
  4811 | D:4      | Found Ymyv Boaz's Armour Shoppe.
  5013 | D:5      | Entered Level 5 of the Dungeon
  5217 | D:5      | Found a staircase to the Ecumenical Temple.
  5224 | Temple   | Entered the Ecumenical Temple
  5231 | Temple   | Became a worshipper of Hepliaklqana the Forgotten
  5301 | D:5      | Noticed Edmund
  5336 | D:5      | Slain by Edmund

Illustrated notes

Levels and vault maps discovered:
D:1:      zaba_arrival_water, layout_basic, dreamdust_wishing_well,
          minmay_misc_feat_diagonals, minivault_26, hangedman_decor_riveting,
          serial_bayou_pond_d
D:2:      layout_basic, uniq_jessica
D:3:      layout_loops_ring, guppyfry_early_orc_mine, uniq_sigmund,
          uniq_crazy_yiuf_cottage
D:4:      layout_gridville, serial_shops, kennysheep_little_box,
          nicolae_ossuary_entry_monument, minmay_misc_feat_more_columns
D:5:      layout_basic, minmay_temple_entry_wispy, nicolae_sextant, uniq_edmund
Temple:   minmay_crystal_snake_temple

Skill      XL: |  1  2  3  4  5  6  7  8 |
---------------+-------------------------+-----
Stealth        | 1 2 3 4 |  4.0
Fighting       | 2 3 4 6 7 9 |  9.0
Hexes          | 4 |  4.5
Ranged Weapons | 3 4 |  4.3
Dodging        | |  1.7
Spellcasting   | |  1.9
Fire Magic     | |  1.2

Action                     |  1- 3 |  4- 6 |  7- 9 || total
---------------------------+-------+-------+-------++-------
  Melee: Club              |       |     2 |       ||     2
   Fire: Sling             |    53 |   109 |   189 ||   351
  Throw: Dart              |       |     8 |    27 ||    35
   Cast: Jinxbite          |     9 |    30 |    41 ||    80
         Sigil of Binding  |       |       |     4 ||     4
         Inner Flame       |       |       |     1 ||     1
Ability: Dig               |       |     1 |     1 ||     2
    Use: Potion            |     1 |     2 |     1 ||     4
         Scroll            |       |     4 |     8 ||    12
 Armour: Robe              |     8 |    56 |    72 ||   136
  Dodge: Dodged            |     9 |    51 |    77 ||   137

Table legend: (Time is in decaauts)
 A = Elapsed time spent in this place.
 B = Non-inter-level travel time spent in this place.
 C = Inter-level travel time spent in this place.
 D = Time resting spent in this place.
 E = Time spent auto-exploring this place.
 F = Levels seen in this place.
 G = Mean time per level.
                   A        B        C        D        E       F      G
               +--------+--------+--------+--------+--------+-----+--------+
         Total |   5434 |   4974 |    460 |      2 |   3724 |   7 |  776.3 |
       Dungeon |   4370 |   3916 |    454 |      2 |   3092 |   5 |  874.0 |
        Temple |     17 |     11 |      6 |      0 |      0 |   1 |   17.0 |
       Ossuary |   1046 |   1046 |      0 |      0 |    632 |   1 | 1046.0 |
               +--------+--------+--------+--------+--------+-----+--------+

Top non-repeatable levels by time:
     D:2: 1208 daAuts
     D:3: 1074 daAuts
 Ossuary: 1046 daAuts
     D:4: 904 daAuts
     D:1: 872 daAuts
     D:5: 310 daAuts
  Temple: 17 daAuts
